 Dungeon Crawl Stone Soup version 0.31-a0-1074-g0b22e4e0f1 (webtiles) character file.

Game seed: 8667144726562209049

220 sammy202020 the Covered (level 5, -2/47 HPs)
             Began as a Minotaur Fighter on Nov 27, 2023.
             Succumbed to a water moccasin's poison
             ... on level 5 of the Dungeon.
             The game lasted 00:04:35 (3236 turns).

sammy202020 the Covered (Minotaur Fighter)          Turns: 3236, Time: 00:04:35

Health: -2/47      AC:  9    Str: 20    XL:     5   Next: 64%
Magic:  4/4        EV:  7    Int:  7    God:
Gold:   168        SH:  0    Dex: 10    Spells: 4/4 levels left

rFire   . . .        a - +0 war axe
rCold   . . .        o - +0 kite shield
rNeg    . . .        q - +0 chain mail
rPois   .            (helmet unavailable)
rElec   .            (no cloak)
rCorr   .            (no gloves)
SInv    .            (no boots)
Will    +....        c - amulet of the acrobat Stlth
                     r - ring of flight
HPRegen 0.27/turn    (no ring)
MPRegen 0.09/turn

%: acrobat
@: confused, brilliant, lethally poisoned (-2 -> -30), ambrosia-drunk,
attractive, enlightened, flying
A: horns 3, retaliatory headbutt, sense surroundings 1
a: no special abilities


You were on level 5 of the Dungeon.
You visited 1 branch of the dungeon, and saw 5 of its levels.

You collected 168 gold pieces.

Inventory:

Hand Weapons
 a - a +0 war axe (weapon)
 s - a +0 mace
Missiles
 p - 6 boomerangs
Armour
 o - a +0 kite shield (worn)
 q - a +0 chain mail (worn)
Jewellery
 c - an amulet of the acrobat (around neck)
 r - a ring of flight (left hand)
Wands
 k - a wand of mindburst (16)
Scrolls
 e - a scroll of teleportation
 f - 2 scrolls of fear
 n - a scroll of revelation
Potions
 d - a potion of might
 g - a potion of invisibility
 h - 2 potions of lignification
 i - a potion of magic
 t - a potion of brilliance


   Skills:
 * Level 4.8 Fighting
 * Level 3.9 Axes
 * Level 4.9 Armour
 + Level 1.8 Dodging
 * Level 4.8 Shields


You had 4 spell levels left.
You didn't know any spells.
Your spell library contained the following spells:

 Spells                   Type           Power      Damage    Failure   Level
 Cigotuvi's Dreadful Rot  Necr/Pois/Air  0%         N/A       100%        2
 Lesser Beckoning         Tloc           0%         N/A       100%        2
 Scorch                   Fire           0%         2d5       100%        2
 Gell's Gravitas          Tloc           0%         N/A       100%        3
 Ignite Poison            Fire/Tmut/Pois 0%         N/A       100%        3
 Teleport Other           Tloc           0%         N/A       100%        3
 Flame Wave               Conj/Fire      0%         2d4       100%        4
 Freezing Cloud           Conj/Ice/Air   0%         6-21      100%        5
 Dispersal                Tloc           0%         N/A       100%        6
 Summon Cactus Giant      Summ           0%         N/A       100%        6


Dungeon Overview and Level Annotations

Branches:
Dungeon (5/15)
 Temple: D:4-7

Altars:
Fedhas
Okawaru
Sif Muna
Uskayaw
Vehumet
Yredelemnul

Shops:
D:1 (


Innate Abilities, Weirdness & Mutations

You have a pair of large horns on your head.
You reflexively headbutt those who attack you in melee.
You passively map a small area around you.


Message History

You block the water moccasin's attack. You block the scorpion's attack.
The water moccasin bites you.
* * * LOW HITPOINT WARNING * * *
You are lethally poisoned!
The water moccasin poisons you!
It was a potion of brilliance.
You feel clever all of a sudden.
* * * LOW HITPOINT WARNING * * *
You feel very sick. You block the scorpion's attack.
You block the water moccasin's attack.
It was a potion of enlightenment.
You feel more buoyant.
* * * LOW HITPOINT WARNING * * *
You feel sick.
The water moccasin bites you but does no damage.
The scorpion stings you but does no damage.
The water moccasin bites you but does no damage.
The scorpion stings you but does no damage.
It was a potion of attraction.
You feel attractive to monsters.
* * * LOW HITPOINT WARNING * * *
You feel sick. The water moccasin bites you.
* * * LOW HITPOINT WARNING * * *
You are more poisoned.
The water moccasin poisons you!
The scorpion stings you but does no damage.
It was a potion of ambrosia.
You are confused.
You feel invigorated.
* * * LOW HITPOINT WARNING * * *
You feel very sick. The water moccasin bites you.
* * * LOW HITPOINT WARNING * * *
You are more poisoned.
The water moccasin poisons you!
The scorpion stings you but does no damage.
You miss the water moccasin.
The water moccasin is severely wounded.
You closely miss the scorpion.
You die...

### ###############...#
....##..#......#.>##...#
#.......#..#.....##.)##
,
#.......#..#.....##....
*##.###.###.####..##....
* #.#...####'###.... , ,
, #.#..#........'.... ,
###''##.......#....
*#@)..##......#.... * ,
#sS†...##....##...# *
#...$$...###..###### *
#..$..$..# #..# , , ,
#..$..$..# #).. ,,
#...$$...# #### *
##......## , ,, ,* *
##....## , , , ,


You could see a water moccasin and a scorpion.

Vanquished Creatures
  An orc wizard (D:5)
  10 adders
  2 worms (D:2)
  2 dart slugs
  11 orcs
  2 bats (D:1)
  6 endoplasms
  4 giant cockroaches
  6 goblins
  11 hobgoblins
  5 quokkas
  8 ball pythons
  6 frilled lizards
  6 kobolds
  3 rats
83 creatures vanquished.

Notes
Turn   | Place    | Note
-------+----------+-------------------------------------------
     0 | D:1      | sammy202020 the Minotaur Fighter began the quest for the
                  | Orb.
     0 | D:1      | Reached XP level 1. HP: 19/19 MP: 0/0
   265 | D:1      | Found Deatet's Antique Weapon Boutique.
   272 | D:1      | Reached XP level 2. HP: 27/27 MP: 1/1
   760 | D:1      | Found a faded altar of an unknown god.
   781 | D:1      | Gained mutation: You have a pair of large horns on your
                  | head. [potion of mutation]
   781 | D:1      | Gained mutation: You passively map a small area around you.
                  | [potion of mutation]
   907 | D:2      | Reached XP level 3. HP: 32/33 MP: 2/2
  1190 | D:2      | Reached skill level 1 in Dodging
  1652 | D:2      | Reached XP level 4. HP: 41/41 MP: 3/3
  1973 | D:3      | Found a radiant altar of Vehumet.
  1974 | D:3      | Found a basalt altar of Yredelemnul.
  1974 | D:3      | Found a hide-covered altar of Uskayaw.
  1974 | D:3      | Found an iron altar of Okawaru.
  1981 | D:3      | Found a blossoming altar of Fedhas.
  2261 | D:3      | Reached XP level 5. HP: 44/47 MP: 4/4
  2892 | D:4      | Found a shimmering blue altar of Sif Muna.
  3158 | D:5      | Entered Level 5 of the Dungeon
  3216 | D:5      | Noticed a water moccasin
  3235 | D:5      | HP: 2/47 [water moccasin (2)]
  3236 | D:5      | Succumbed to a water moccasin's poison

Illustrated notes

Levels and vault maps discovered:
D:1:      dpeg_arrival_arbitrary_c, layout_basic, serial_shops,
          nicolae_shop_hallway_plus, shapermc_ecumenical_altar_petra
D:2:      layout_loops_corners
D:3:      minmay_evil_eye, layout_basic, grunt_temple_overflow_open,
          serial_park_tiny_2, minmay_bisected
D:4:      layout_rooms, kennysheep_orc_sif_temple
D:5:      minmay_polygon_palace, layout_gridville,
          serial_library_hellmonk_octagon, uniq_ijyb, uniq_prince_ribbit1

Skill      XL: |  1  2  3 |
---------------+----------+-----
Fighting       | 4 |  4.8
Armour         | 4 |  4.9
Shields        | 4 |  4.8
Axes           | 3 |  3.9
Dodging        | 1 |  1.8

Action                     |  1- 3 |  4- 6 || total
---------------------------+-------+-------++-------
  Melee: War axe           |    81 |   114 ||   195
         Headbutt          |    15 |    10 ||    25
    Use: Scroll            |     6 |     3 ||     9
         Potion            |     1 |     6 ||     7
 Armour: Scale mail        |    53 |     7 ||    60
         Chain mail        |       |   101 ||   101
  Dodge: Dodged            |    33 |    41 ||    74
  Block: Buckler           |    13 |       ||    13
         Kite shield       |    12 |    66 ||    78

Table legend: (Time is in decaauts)
 A = Elapsed time spent in this place.
 B = Non-inter-level travel time spent in this place.
 C = Inter-level travel time spent in this place.
 D = Time resting spent in this place.
 E = Time spent auto-exploring this place.
 F = Levels seen in this place.
 G = Mean time per level.
                   A        B        C        D        E       F      G
               +--------+--------+--------+--------+--------+-----+--------+
         Total |   3319 |   3247 |     72 |      0 |   2551 |   5 |  663.8 |
       Dungeon |   3319 |   3247 |     72 |      0 |   2551 |   5 |  663.8 |
               +--------+--------+--------+--------+--------+-----+--------+

Top non-repeatable levels by time:
     D:2: 889 daAuts
     D:3: 871 daAuts
     D:1: 852 daAuts
     D:4: 620 daAuts
     D:5: 86 daAuts
